 Dungeon Crawl Stone Soup version 0.27-a0-1181-g5f64966fcc (webtiles) character file.

Game seed: 8200837640760180782

9 Sobieck the Poker (level 2, -5/23 HPs)
             Began as a Merfolk Gladiator on May 17, 2021.
             Slain by a phantom (7 damage)
             ... on level 4 of the Dungeon.
             The game lasted 00:01:15 (475 turns).

Sobieck the Poker (Merfolk Gladiator)                Turns: 475, Time: 00:01:16

Health: -5/23      AC:  4    Str: 14    XL:     2   Next: 16%
Magic:  2/2        EV: 13    Int:  7    God:
Gold:   46         SH:  0    Dex: 15    Spells: 1/1 levels left

rFire    . . .     SeeInvis +   a - +0 trident {polearm}
rCold    . . .     Faith    .   (no shield)
rNeg     . . .     Spirit   .   b - +0 leather armour
rPois    .         Reflect  .   c - +0 helmet
rElec    .         Harm     .   (no cloak)
rCorr    .         Rampage  .   (no gloves)
Will     .....                  (no boots)
Stlth    +.........             (no amulet)
HPRegen  0.07/turn              g - ring of see invisible
MPRegen  0.08/turn              (no ring)

@: hasted, very quick
A: (nimble swimmer 2), mertail
a: no special abilities


You were on level 4 of the Dungeon.
You visited 1 branch of the dungeon, and saw 5 of its levels.

You collected 46 gold pieces.


Innate Abilities, Weirdness & Mutations

((You are quick and stealthy near water. (Stealth+, EV+, Speed+++)))
Your lower body shifts to a powerful aquatic tail in water.


   Skills:
 + Level 2.3 Fighting
 * Level 4.8 Polearms
 + Level 2.1 Throwing
 + Level 4.1 Dodging


You had one spell level left.
You didn't know any spells.
Your spell library was empty.

Inventory:

Hand Weapons
 a - a +0 trident (weapon) {polearm}
Missiles
 d - a throwing net (quivered) {=f!fthrowing}
Armour
 b - a +0 leather armour (worn)
 c - a +0 helmet (worn)
Jewellery
 g - a ring of see invisible (left hand)
   (You found it on level 4 of the Dungeon)
Scrolls
 f - a scroll of identify {unknown}
 h - a scroll of summoning {unknown}
 i - 2 scrolls of immolation {unknown}

Dungeon Overview and Level Annotations

Branches:
Dungeon (5/15)
 Temple: D:4-7

Altars:

#...............
#.................
....................
+##.................
#.....#####+##....
#.....+......'....
#.....#......#....
#.....#..##..#....
#@....#..##..###+#
#Wg...#...#......#
#.....#...#......#
#.....#...#......#
#.....#...#..##..#
#.....#..##..#####
#....(#..##..##..#
#.....'..........#
#.....#..........#


You could see a phantom and a goblin.


Message History

f - a scroll labelled XUEKHO HOLO
Things that are here:
a +0 hand axe {axe}; a +0 leather armour; an orc corpse
There is a stone staircase leading down here.
You climb downwards.
There is a stone staircase leading up here.
As you open the door, it creaks loudly!
Found a stone staircase leading down.
(D) Dungeon
Where to? (Enter - D:4, ? - help)
There is an open door here.
There is a stone staircase leading down here.
You climb downwards.
There is a stone staircase leading up here.
You climb upwards.
There is a stone staircase leading down here.
You open the door.
There is an open door here.
You open the door.
There is an open door here.
You now have 35 gold pieces (gained 7).
You open the door.
There is an open door here.
g - a ring of see invisible
g - a ring of see invisible (left hand)
You open the door.
There is an open door here.
h - a scroll labelled MUAFEI MIYG You now have 46 gold pieces (gained 11).
As you open the door, it creaks loudly!
There is an open door here.
You open the door.
There is an open door here.
i - 2 scrolls labelled DAVOIS WEBI You open the door.
A phantom comes into view.
Unknown command.
Throw: 3 throwing nets {=f!fthrowing}
Press: ? - help, Q - select action Shift-Dir - straight line, f - phantom
Aim: a phantom (50% to hit, immune to nets)
You throw a throwing net {=f!fthrowing}.
The throwing net {=f!fthrowing} misses the phantom.
Throw: 2 throwing nets {=f!fthrowing}
Press: ? - help, Q - select action Shift-Dir - straight line, f/p - phantom
Aim: a phantom (50% to hit, immune to nets)
You throw a throwing net {=f!fthrowing}.
The throwing net {=f!fthrowing} closely misses the phantom.
You hit the phantom but do no damage. The phantom hits you.
The phantom blinks!
You blink.
A goblin comes into view. It is wielding a +0 club. 😮 HP[-6]
You take 6 damage, and now have 17/23 hp.
MASSIVE DAMAGE!! (PAUSE)
You hit the phantom.
The goblin shouts!
The phantom misses you.
You hit the phantom. The phantom closely misses you.
The goblin closely misses you. x2
The phantom hits you but does no damage.
You hit the phantom but do no damage. The goblin barely misses you.
The phantom completely misses you.
You hit the phantom.
The phantom hits you but does no damage.
The goblin hits you with a +0 club. 😮 HP[-1]
You take 1 damage, and now have 16/23 hp.
You hit the phantom. The goblin hits you with a +0 club.
The phantom closely misses you. 😮 HP[-1]
You take 1 damage, and now have 15/23 hp.
You hit the phantom but do no damage. The phantom hits you!
* * * LOW HITPOINT WARNING * * *
The phantom blinks!
You blink. 😨 HP[-7]
You take 7 damage, and now have 8/23 hp.
MASSIVE DAMAGE!! (PAUSE)
You hit the phantom. The phantom misses you.
You barely miss the phantom. The phantom hits you.
* * * LOW HITPOINT WARNING * * *
The phantom blinks!
You blink. 😱 HP[-4]
You take 4 damage, and now have 4/23 hp.
You miss the phantom. The phantom closely misses you.
You hit the phantom but do no damage. The phantom barely misses you.
You closely miss the phantom. The goblin hits you with a +0 club.
* * * LOW HITPOINT WARNING * * *
The phantom hits you but does no damage. 😱 HP[-1]
You take 1 damage, and now have 3/23 hp.
Unknown command.
You miss the phantom. The goblin closely misses you.
The phantom barely misses you.
Unknown command.
It was a potion of haste.
You feel yourself speed up. The goblin hits you with a +0 club.
* * * LOW HITPOINT WARNING * * *
The phantom hits you!
You die...

Action                   || total
-------------------------++-------
Melee: Trident           ||    32
Throw: Throwing net      ||     2
  Use: Potion            ||     1
 Stab: Sleeping          ||     1
Armor: Leather armour    ||     6
Dodge: Dodged            ||    15

Levels and vault maps discovered:
D:1:      dpeg_arrival_arbitrary_c, layout_rooms, minmay_pentomino_w2
D:2:      layout_basic, serial_shops, shop
D:3:      layout_loops_cross, lemuel_doored_altar, minitemple
D:4:      minmay_chambers_of_fours, layout_gridville,
          minmay_temple_entry_offerings
D:5:      layout_loops_ring, fedhas_altar_3, serial_shops, shop,
          roderic_lattice_a, minmay_lizard_king

Notes
Turn   | Place    | Note
-------+----------+-------------------------------------------
     0 | D:1      | Sobieck the Merfolk Gladiator began the quest for the Orb.
     0 | D:1      | Reached XP level 1. HP: 16/16 MP: 1/1
     0 | D:1      | magus.rc [v1.9.6]
    98 | D:3      | Reached XP level 2. HP: 20/23 MP: 2/2
   288 | D:5      | Entered Level 5 of the Dungeon
   457 | D:4      | Noticed a phantom
   470 | D:4      | HP: 4/23 [phantom (4)]
   475 | D:4      | HP: 2/23 [goblin/+0 club (1)]
   475 | D:4      | Slain by a phantom

Vanquished Creatures
  2 orcs (D:3)
  A bat (D:1)
  An endoplasm (D:1)
  2 ball pythons
  A frilled lizard (D:3)
  A rat (D:1)
8 creatures vanquished.

Table legend:
 A = Non-vault XP
 B = Vault XP
 C = Vault XP percentage of total XP
 D = Non-vault monster count
 E = Vault monster count
 F = Vault count percentage of total count
                 A         B        C        D         E       F
            +---------+---------+-------+---------+---------+-------
      Total |      14 |       0 |   0.0 |       8 |       0 |   0.0
            +---------+---------+-------+---------+---------+-------
        D:1 |       6 |       0 |   0.0 |       4 |       0 |   0.0
        D:3 |       8 |       0 |   0.0 |       4 |       0 |   0.0
            +---------+---------+-------+---------+---------+-------

Illustrated notes

Table legend:
 A = Kills in this place as a percentage of kills in entire the game.
 B = Kills by you in this place as a percentage of kills by you in the entire game.
 C = Kills by friends in this place as a percentage of kills by friends in the entire game.
 D = Other kills in this place as a percentage of other kills in the entire game.
 E = Experience gained in this place as a percentage of experience gained in the entire game.
 F = Experience gained in this place divided by the number of levels of this place that you have seen.
                   A       B       C       D       E      F
               +-------+-------+-------+-------+-------+----------------------
         Total | 100.0 | 100.0 |   N/A |   N/A | 100.0 |   2.8
       Dungeon | 100.0 | 100.0 |   N/A |   N/A | 100.0 |   2.8
               +-------+-------+-------+-------+-------+----------------------

Table legend: (Time is in decaauts)
 A = Elapsed time spent in this place.
 B = Non-inter-level travel time spent in this place.
 C = Inter-level travel time spent in this place.
 D = Time resting spent in this place.
 E = Time spent auto-exploring this place.
 F = Levels seen in this place.
 G = Mean time per level.
                   A        B        C        D        E       F      G
               +--------+--------+--------+--------+--------+-----+--------+
         Total |    477 |    429 |     48 |    104 |    249 |   5 |   95.4 |
       Dungeon |    477 |    429 |     48 |    104 |    249 |   5 |   95.4 |
               +--------+--------+--------+--------+--------+-----+--------+

Top non-repeatable levels by time:
     D:4: 197 daAuts
     D:3: 193 daAuts
     D:1: 51 daAuts
     D:2: 33 daAuts
     D:5: 1 daAuts
